 Dungeon Crawl Stone Soup version 0.27-a0-262-gc50aac273e (webtiles) character file.

Game seed: 12948816194789540497

785 Froggeryz the Reanimator (level 7, -6/36 HPs)
             Began as a Deep Elf Necromancer on Feb 4, 2021.
             Mangled by a gnoll sergeant
             ... wielding a +0 spear
              (7 damage)
             ... on level 5 of the Dungeon.
             The game lasted 00:09:43 (6835 turns).

Froggeryz the Reanimator (Deep Elf Necromancer)     Turns: 6835, Time: 00:09:44

Health: -6/36      AC:  3    Str:  5    XL:     7   Next: 56%
Magic:  6/18       EV: 14    Int: 21    God:
Gold:   225        SH:  0    Dex: 16    Spells: 10/18 levels left

rFire    . . .     SeeInvis .   w - +0 falchion
rCold    . . .     Faith    .   (no shield)
rNeg     . . .     Spirit   .   b - +0 robe
rPois    .         Reflect  .   g - +0 helmet
rElec    .         Harm     .   (no cloak)
rCorr    .         Rampage  .   (no gloves)
Will     .....                  (no boots)
Stlth    ++........             l - amulet of the acrobat
HPRegen  0.12/turn              n - ring of wizardry
MPRegen  0.16/turn              (no ring)

@: no status effects
A: no striking features
a: no special abilities


You were on level 5 of the Dungeon.
You visited 1 branch of the dungeon, and saw 5 of its levels.

You collected 225 gold pieces.

Inventory:

Hand Weapons
 w - a +0 falchion (weapon)
Armour
 b - a +0 robe (worn)
 g - a +0 helmet (worn)
Jewellery
 l - an amulet of the acrobat (around neck)
 n - a ring of wizardry (left hand)
Wands
 o - a wand of iceblast (3)
Scrolls
 a - a scroll of noise {unknown}
 c - a scroll of enchant armour {unknown}
 d - 2 scrolls of remove curse
 h - 3 scrolls of teleportation {unknown}
 k - 2 scrolls of identify
 m - 2 scrolls of amnesia
 q - 2 scrolls of blinking {unknown}
 s - a scroll of magic mapping {unknown}
 v - a scroll of fear {unknown}
 x - a scroll of random uselessness {unknown}
 y - 3 scrolls of fog {unknown}
Potions
 e - a potion of mutation {unknown}
 f - 2 potions of attraction
 i - 2 potions of invisibility
 j - a potion of heal wounds {unknown}
 p - 4 potions of lignification
 r - a potion of brilliance {unknown}
 t - a potion of haste {unknown}
 u - a potion of might {unknown}


   Skills:
 + Level 3.8 Dodging
 - Level 2.4 Stealth
 - Level 6.0 Spellcasting
 + Level 9.7 Necromancy


You had 10 spell levels left.
You knew the following spells:

 Your Spells              Type           Power        Failure   Level
a - Pain                  Necr           100%         1%          1
b - Animate Dead          Necr           23%          1%          4
c - Vampiric Draining     Necr           23%          1%          3

Your spell library contained the following spells:

 Spells                   Type           Power        Failure   Level
 Animate Skeleton         Necr           94%          1%          1
 Agony                    Necr           47%          1%          5


Dungeon Overview and Level Annotations

Branches:
Dungeon (5/15)
 Temple: D:4-7

Altars:
Wu Jian
Xom


Message History

Aim: a gnoll sergeant, wielding a +0 spear, wearing a +0 scale mail and wearing a +0 kite shield (severely wounded, chance to affect: 84%)
The gnoll sergeant barely resists.
The gnoll sergeant misses you.
Casting: Pain (safe; 1% risk of failure)
Confirm with . or Enter, or press ? or * to list all spells.
Aiming: Pain (safe; 1% risk of failure)
Press: ? - help, Shift-Dir - straight line, f/p - gnoll sergeant
Aim: a gnoll sergeant, wielding a +0 spear, wearing a +0 scale mail and wearing a +0 kite shield (severely wounded, chance to affect: 84%)
The gnoll sergeant writhes in agony!
The gnoll sergeant hits you from afar with a +0 spear!
* * * LOW HITPOINT WARNING * * *
Unknown command.
Casting: Pain (safe; 1% risk of failure)
Confirm with . or Enter, or press ? or * to list all spells.
Aiming: Pain (safe; 1% risk of failure)
Press: ? - help, Shift-Dir - straight line, f/p - gnoll sergeant
Aim: a gnoll sergeant, wielding a +0 spear, wearing a +0 scale mail and wearing a +0 kite shield (almost dead, chance to affect: 84%)
The gnoll sergeant barely resists.
The gnoll sergeant hits you from afar with a +0 spear!
You die...

..# ##...## #go# ###
#..####.....####..##### #.#
#................l....#
#.##..######.(....{####†..#
#.#..# ##..<...# #..##
##...## ##.....# #ll#
##.....## #.....# #..#
[#......# #.##### #..#
...##...### #@# #g.#
##........# #.# #g.#
##..#.##.######g# #..#
#..#..#.).....o########..#
#..##.........g..o.gll..##
#..#########.########..[#
###.....# #.# #.#.#
#...###.# #.# #.#.######
#.### #.# #.# #..........


You could see a gnoll sergeant, a gnoll and an orc.

Vanquished Creatures
  Sigmund (D:5)
  A centaur (D:5)
  An ogre (D:4)
  A howler monkey (D:4)
  A centaur skeleton (D:5)
  2 hounds (D:5)
  A bullfrog skeleton (D:5)
  2 jellies (D:5)
  2 iguanas (D:4)
  2 worker ants (D:4)
  A gnoll (D:5)
  4 adders
  A white imp (D:4)
  3 oozes
  2 adder skeletons
  A dart slug (D:1)
  2 leopard geckos
  8 orcs
  4 giant cockroaches
  7 goblins
  6 hobgoblins
  6 jackals
  4 quokkas
  A ball python (D:1)
  9 bats
  4 frilled lizards
  A giant cockroach zombie (D:5)
  4 kobolds
  A quokka skeleton (D:4)
  3 rats
86 creatures vanquished.

Vanquished Creatures (collateral kills)
  An adder (D:3)
  2 orcs (D:3)
  A quokka (D:5)
4 creatures vanquished.

Vanquished Creatures (others)
  An adder zombie (D:5)
1 creature vanquished.

Grand Total: 91 creatures vanquished

Notes
Turn   | Place    | Note
-------+----------+-------------------------------------------
     0 | D:1      | Froggeryz the Deep Elf Necromancer began the quest for the
                  | Orb.
     0 | D:1      | Reached XP level 1. HP: 10/10 MP: 6/6
    19 | D:1      | Reached skill level 5 in Necromancy
   503 | D:1      | Learned a level 1 spell: Animate Skeleton
   563 | D:1      | Reached XP level 2. HP: 5/15 MP: 6/8
  1071 | D:1      | Found a shadowy altar of Dithmenos.
  1194 | D:1      | Found a hazy altar of Hepliaklqana.
  1194 | D:1      | Found a shimmering altar of Xom.
  1196 | D:1      | Found an ornate altar of the Wu Jian Council.
  1196 | D:1      | Found a shimmering altar of Xom.
  1196 | D:1      | Found a glowing silver altar of Zin.
  1598 | D:1      | You fall into a shaft and drop 1 floor!
  1908 | D:2      | Reached skill level 6 in Necromancy
  2054 | D:1      | Reached XP level 3. HP: 8/19 MP: 4/9
  2397 | D:2      | Learned a level 3 spell: Vampiric Draining
  3090 | D:3      | Reached XP level 4. HP: 15/24 MP: 6/10
  3154 | D:3      | Found an ornate altar of the Wu Jian Council.
  3167 | D:3      | Reached skill level 7 in Necromancy
  3644 | D:3      | Found a faded altar of an unknown god.
  4247 | D:4      | Reached XP level 5. HP: 15/28 MP: 5/11
  4449 | D:4      | Reached skill level 8 in Necromancy
  4673 | D:4      | Noticed an ogre
  4679 | D:4      | Killed an ogre
  4680 | D:4      | Reached XP level 6. HP: 31/32 MP: 5/14
  4977 | D:5      | Entered Level 5 of the Dungeon
  5203 | D:5      | Reached skill level 5 in Spellcasting
  5412 | D:5      | Noticed Sigmund
  5735 | D:4      | Learned a level 4 spell: Animate Dead
  6133 | D:5      | Reached skill level 9 in Necromancy
  6133 | D:5      | Reached XP level 7. HP: 13/36 MP: 7/17
  6772 | D:5      | Killed Sigmund
  6835 | D:5      | Mangled by a gnoll sergeant

Illustrated notes

Levels and vault maps discovered:
D:1:      sevenhm_arrival_forest_fort_small_6, layout_basic, doesnt_xom_only_xom
D:2:      layout_basic
D:3:      layout_rooms, nicolae_overflow_crystal_walls,
          chequers_ecumenical_altar_simple, minmay_misc_feat_encased,
          minivault_5
D:4:      layout_cave_pools
D:5:      cheibrodos_barr_body, layout_rooms, serial_shops, nicolae_shop_stone,
          uniq_crazy_yiuf_cottage, uniq_sigmund

Skill      XL: |  1  2  3  4  5  6  7 |
---------------+----------------------+-----
Necromancy     | 5 6 7 8 9 |  9.7
Spellcasting   | 4 5 6 |  6.0
Dodging        | 3 |  3.8
Stealth        | |  2.4

Action                   |  1- 3 |  4- 6 |  7- 9 || total
-------------------------+-------+-------+-------++-------
Melee: Short sword       |    61 |    21 |       ||    82
       Falchion          |       |    54 |    22 ||    76
 Cast: Pain              |    43 |    56 |    13 ||   112
       Animate Skeleton  |     4 |     6 |       ||    10
       Vampiric Draining |     2 |    14 |     3 ||    19
       Animate Dead      |       |     1 |     3 ||     4
Evoke: Wand              |       |       |     2 ||     2
  Use: Scroll            |       |     7 |       ||     7
       Potion            |       |     1 |       ||     1
 Stab: Sleeping          |     4 |     5 |       ||     9
Armor: Robe              |    18 |    19 |     6 ||    43
Dodge: Dodged            |    61 |   126 |    57 ||   244
       Rpst.: Falchion   |       |    20 |    22 ||    42

Table legend: (Time is in decaauts)
 A = Elapsed time spent in this place.
 B = Non-inter-level travel time spent in this place.
 C = Inter-level travel time spent in this place.
 D = Time resting spent in this place.
 E = Time spent auto-exploring this place.
 F = Levels seen in this place.
 G = Mean time per level.
                   A        B        C        D        E       F      G
               +--------+--------+--------+--------+--------+-----+--------+
         Total |   6872 |   6684 |    188 |   2067 |   3747 |   5 | 1374.4 |
       Dungeon |   6872 |   6684 |    188 |   2067 |   3747 |   5 | 1374.4 |
               +--------+--------+--------+--------+--------+-----+--------+

Top non-repeatable levels by time:
     D:1: 1908 daAuts
     D:4: 1825 daAuts
     D:3: 1284 daAuts
     D:5: 963 daAuts
     D:2: 890 daAuts
